 Dungeon Crawl Stone Soup version 0.20-a0-544-g2b9a704 (webtiles) character file.

238 AlphabetPasta the Digger (level 6, 0/32 HPs)
             Began as a Tengu Earth Elementalist on Jan 31, 2017.
             Was an Initiate of Ashenzari.
             Slain by a scorpion (6 damage)
             ... on level 4 of the Dungeon.
             The game lasted 00:17:33 (4353 turns).

AlphabetPasta the Digger (Tengu Earth Elementalist) Turns: 4353, Time: 00:17:34

Health: 0/32       AC:  4    Str:  8    XL:     6   Next: 7%
Magic:  0/12       EV: 12    Int: 18    God:    Ashenzari [......]
Gold:   107        SH:  0    Dex: 14    Spells: 2/12 levels left

rFire    + . .     SeeInvis .   p - +2 dagger (venom)
rCold    x . .     Gourm    .   c - +0 robe
rNeg     . . .     Faith    .   (no shield)
rPois    .         Spirit   .   (helmet restricted)
rElec    .         Reflect  .   a - +0 cloak
rCorr    .         Harm     .   j - +0 pair of gloves
MR       +....                  (boots unavailable)
Stlth    ++........             (no amulet)
Regen    0.1/turn               k - ring of fire
                                h - ring of protection from magic

@: lethally poisoned (0 -> -6), very slightly contaminated
A: beak, talons 3, able to fly 1
a: Fly, Curse Item, Renounce Religion


You were on level 4 of the Dungeon.
You worshipped Ashenzari.
Ashenzari was noncommittal.
You were hungry.

You visited 1 branch of the dungeon, and saw 4 of its levels.

You collected 206 gold pieces.
You spent 99 gold pieces at shops.

Inventory:

Hand Weapons
 g - a +0 whip
 p - a +2 dagger of venom (weapon)
Missiles
 b - 19 stones (quivered)
Armour
 a - a +0 cloak (worn)
 c - a +0 robe (worn)
 j - a +0 pair of gloves (worn)
Jewellery
 h - a ring of protection from magic (left hand)
 k - a ring of fire (right hand)
Wands
 i - a wand of acid (2/15)
Scrolls
 f - a scroll of remove curse
Potions
 t - a potion of might
Books
 e - a book of Geomancy

   Spells                             Type                      Level
   a - Sandblast                      Earth                        1
   b - Passwall                       Transmutation/Earth          2
   c - Stone Arrow                    Conjuration/Earth            3
   d - Petrify                        Transmutation/Earth          4
   e - Lee's Rapid Deconstruction     Earth                        5
Comestibles
 d - 4 bread rations
 o - a meat ration
 r - 2 royal jellies


   Skills:
 - Level 2.1 Dodging
 - Level 2.0 Stealth
 + Level 3.6 Spellcasting
 + Level 1.8 Conjurations
 - Level 0.7 Transmutations
 * Level 4.0 Earth Magic


You had 2 spell levels left.
You knew the following spells:

 Your Spells              Type           Power        Failure   Level  Hunger
a - Sandblast             Erth           ###...       3%          1    None
b - Passwall              Tmut/Erth      ##........   12%         2    ##.....
c - Stone Arrow           Conj/Erth      ##....       17%         3    ###....
d - Petrify               Tmut/Erth      ##......     67%         4    ####...


Dungeon Overview and Level Annotations

Branches:
Dungeon (4/15)
 Temple: D:4-7

Altars:
Ashenzari
Trog
Uskayaw
Vehumet
Xom
The Shining One

Shops:
D:4 *

Annotations:
D:3 Geoffrax's ghost, amateur DrGl


Innate Abilities, Weirdness & Mutations

You have a beak for a mouth.
You have claws for feet.
You can fly.


Message History

The blast of sand hits the scorpion.
The scorpion is moderately wounded.
b - 20 stones You feel sick.
The scorpion stings you.
* * * LOW HITPOINT WARNING * * *
Casting: Sandblast
Confirm with . or Enter, or press ? or * to list all spells.
Aiming: Sandblast
Press: ? - help, Shift-Dir - straight line, f/p - scorpion
Aim: a scorpion (moderately wounded)
The blast of sand hits the scorpion.
The scorpion is heavily wounded.
b - 19 stones The scorpion closely misses you.
You hit the scorpion.
The scorpion is poisoned.
Your kick misses the scorpion. Your peck misses the scorpion.
The scorpion is heavily wounded.
* * * LOW HITPOINT WARNING * * *
You feel sick. The scorpion stings you.
You die...

####### ......#
.############......#
..........@s...>...#
..#.#.......###########
.#.#.......#
...#.......#
..######.## ..# #.# #.#
####.## #.# #.....#
#.###>....# ########


You could see a scorpion.

Vanquished Creatures
  2 scorpions (D:4)
  An iguana (D:4)
  A worker ant (D:4)
  An ooze (D:2)
  2 worms
  A dart slug (D:1)
  2 leopard geckos
  7 orcs
  4 giant cockroaches
  14 goblins
  13 hobgoblins
  2 jackals (D:2)
  6 kobolds
  6 bats
  4 frilled lizards
  5 rats
  A plant (D:1)
72 creatures vanquished.

Notes
Turn   | Place    | Note
-------+----------+-------------------------------------------
     0 | D:1      | AlphabetPasta the Tengu Earth Elementalist began the quest for the Orb.
     0 | D:1      | Reached XP level 1. HP: 10/10 MP: 4/4
    96 | D:1      | Reached XP level 2. HP: 14/15 MP: 6/6
   203 | D:1      | Learned a level 2 spell: Passwall
   553 | D:1      | Found a glowing golden altar of the Shining One.
   746 | D:1      | Reached XP level 3. HP: 10/19 MP: 5/7
   754 | D:1      | Learned a level 3 spell: Stone Arrow
  1122 | D:2      | Learned a level 3 spell: Stone Arrow
  1328 | D:2      | Reached skill level 3 in Earth Magic
  2078 | D:3      | Noticed Geoffrax's ghost (amateur DrGl)
  2250 | D:3      | Found a shattered altar of Ashenzari.
  2257 | D:3      | Became a worshipper of Ashenzari the Shackled
  2311 | D:3      | Reached XP level 4. HP: 24/24 MP: 3/9
  2389 | D:3      | Found a shimmering altar of Xom.
  2397 | D:3      | Found a bloodstained altar of Trog.
  2405 | D:3      | Found a radiant altar of Vehumet.
  3307 | D:4      | Gained mutation: You can fly. [Tengu growth]
  3307 | D:4      | Reached XP level 5. HP: 12/28 MP: 4/10
  3316 | D:4      | Learned a level 4 spell: Petrify
  3508 | D:4      | Found Kongar's General Store.
  3517 | D:4      | Bought a potion of berserk rage for 55 gold pieces
  3517 | D:4      | Bought a potion of might for 44 gold pieces
  3707 | D:4      | HP: 2/42 [poisoned by a worker ant]
  3714 | D:4      | HP: 1/42 [poisoned by a worker ant]
  3719 | D:4      | HP: 1/42 [poisoned by a worker ant]
  4036 | D:4      | Found a hide-covered altar of Uskayaw.
  4085 | D:4      | Reached skill level 1 in Conjurations
  4263 | D:4      | Reached skill level 4 in Earth Magic
  4263 | D:4      | Reached XP level 6. HP: 32/32 MP: 7/12
  4353 | D:4      | Slain by a scorpion

Vault maps used:
D:1:      roderic_crop_circles_arrival_small, tso_altar
D:2:      first_bread
D:3:      cheibrodos_greedy_goblins, nicolae_overflow_crystal_walls,
          minmay_overflow_temple_star_quad, serial_forest,
          infiniplex_forest_corner_1, infiniplex_forest_end_2,
          infiniplex_forest_lined_room_, infiniplex_forest_lined_ring,
          infiniplex_forest_lined_room_, infiniplex_forest_clump_cross,
          infiniplex_forest_clump_curved, infiniplex_forest_end_2
D:4:      minmay_door_path, lemuel_doored_altar,
          minmay_temple_entry_enclosed_plants, serial_shops,
          nicolae_shop_statue_plus, uniq_pikel

Skill      XL: |  1  2  3  4  5 |
---------------+----------------+-----
Earth Magic    | 3 4 |  4.0
Spellcasting   | 3 |  3.6
Conjurations   | 1 |  1.8
Dodging        | |  2.1
Stealth        | |  2.0
Transmutations | |  0.7

Action                   |  1- 3 |  4- 6 || total
-------------------------+-------+-------++-------
Melee: Whip              |   111 |       ||   111
       Kick              |    42 |    14 ||    56
       Unarmed           |    14 |       ||    14
       Peck              |    23 |     9 ||    32
       Dagger            |     6 |    63 ||    69
 Cast: Sandblast         |    40 |    36 ||    76
       Stone Arrow       |     3 |     1 ||     4
  Use: Scroll            |     6 |     3 ||     9
       Potion            |       |     8 ||     8
 Stab: Sleeping          |     2 |     2 ||     4
  Eat: Chunk             |     5 |     4 ||     9
       Fruit             |       |     2 ||     2
Armor: Robe              |    24 |    27 ||    51
Dodge: Dodged            |    61 |    55 ||   116
